 Dungeon Crawl Stone Soup version 0.23.0 (webtiles) character file.

Game seed: 4397760051534865665

12328 LostNumber the Grappler (level 11, -2/111 HPs)
             Began as a Troll Air Elementalist on Feb 9, 2019.
             Slain by a wolf (8 damage)
             ... on level 1 of the Lair of Beasts.
             The game lasted 00:25:04 (10308 turns).

LostNumber the Grappler (Troll Air Elementalist)   Turns: 10308, Time: 00:25:04

Health: -2/111     AC: 11    Str: 21    XL:     11   Next: 61%
Magic:  12/12      EV: 12    Int: 11    God:
Gold:   811        SH:  0    Dex: 12    Spells: 11/12 levels left

rFire    . . .     SeeInvis .     - Unarmed
rCold    . . .     Gourm    +   (no shield)
rNeg     . . .     Faith    +   b - +0 steam dragon scales
rPois    .         Spirit   .   (helmet restricted)
rElec    .         Reflect  .   H - +0 cloak
rCorr    .         Harm     .   (gloves unavailable)
MR       .....                  (boots unavailable)
Stlth    ++........             r - amulet of faith {!P}
HPRegen  0.68/turn              L - +1 ring of protection
MPRegen  0.13/turn              g - +2 ring of dexterity

@: no status effects
A: large, unfitting armour, claws 3, fast metabolism 3, gourmand, regeneration
1, shaggy fur 1, tough skin 3
a: no special abilities


You were on level 1 of the Lair of Beasts.
You were very full.

You visited 3 branches of the dungeon, and saw 13 of its levels.
You also visited: Sewer and Ossuary.

You collected 811 gold pieces.

Inventory:

Hand Weapons
 J - a +0 morningstar
   (You found it on level 4 of the Dungeon)
Missiles
 y - a throwing net (quivered) {!f}
 P - 8 large rocks
Armour
 a - a +1 robe
 b - +0 steam dragon scales (worn)
   (You found it on level 11 of the Dungeon)
 p - a +2 robe of resistance
   (You found it on level 3 of the Dungeon)
 H - a +0 cloak (worn)
   (You took it off Crazy Yiuf on level 3 of the Dungeon)
 I - a +0 troll leather armour
   (You found it on level 9 of the Dungeon)
Jewellery
 g - a +2 ring of dexterity (right claw)
   (You found it on level 1 of the Dungeon)
 r - an amulet of faith (around neck) {!P}
   (You found it on level 3 of the Dungeon)
 G - an uncursed ring of wizardry
   (You found it on level 9 of the Dungeon)
 L - a +1 ring of protection (left claw)
   (You found it on level 10 of the Dungeon)
Wands
 t - a wand of flame (42)
   (You found it on level 7 of the Dungeon)
 F - a wand of polymorph (7)
   (You found it on level 8 of the Dungeon)
 N - a wand of clouds (7)
   (You found it on level 11 of the Dungeon)
Scrolls
 f - 3 scrolls of magic mapping
 i - 2 scrolls of remove curse {@r2}
 j - 2 scrolls of vulnerability {unknown}
 k - 2 scrolls of fog
 m - 5 scrolls of amnesia
 n - 13 scrolls of teleportation {@r4}
 s - 2 scrolls of blinking
 B - 2 scrolls of enchant weapon {unknown}
 C - 3 scrolls of holy word
 D - a scroll of immolation {!r}
 E - 2 scrolls of enchant armour
 K - a scroll of summoning {unknown}
 Q - a scroll of random uselessness {unknown}
Potions
 c - 5 potions of lignification {!q}
 d - 4 potions of heal wounds {@q2}
 h - a potion of flight {unknown}
 l - 2 potions of haste {unknown}
 o - a potion of agility
 q - 2 potions of brilliance
 u - 10 potions of curing {@q1}
 v - 2 potions of magic {unknown}
 w - 3 potions of berserk rage
 x - 2 potions of might
 z - a potion of cancellation {unknown}
 A - a potion of invisibility {unknown}
 O - 2 potions of resistance {unknown}
Comestibles
 e - 28 rations {!d}
 M - 5 chunks of flesh


   Skills:
 + Level 8.1 Fighting
 + Level 1.9 Throwing
 + Level 5.5 Dodging
 - Level 1.0 Stealth
 * Level 13.3 Unarmed Combat
 - Level 1.2 Spellcasting
 - Level 0.6 Conjurations
 - Level 2.0 Air Magic
 + Level 3.0 Evocations


You had 11 spell levels left.
You knew the following spells:

 Your Spells              Type           Power        Failure   Level  Hunger
a - Shock                 Conj/Air       #...         19%         1    ##.....

Your spell library contained the following spells:

 Spells                   Type           Power        Failure   Level  Hunger
 Flame Tongue             Conj/Fire      #....        28%         1    ##.....
 Corona                   Hex            #......      32%         1    ##.....
 Infusion                 Chrm           #...         32%         1    ##.....
 Swiftness                Chrm/Air       #.......     32%         2    ###....
 Throw Flame              Conj/Fire      #.....       38%         2    ###....
 Shroud of Golubria       Chrm/Tloc      #.........   43%         2    ###....
 Slow                     Hex            #.......     43%         2    ###....
 Song of Slaying          Chrm           #.......     43%         2    ###....
 Static Discharge         Conj/Air       #.......     50%         3    ####...
 Inner Flame              Hex/Fire       #.......     67%         3    ####...
 Portal Projectile        Hex/Tloc       #.....       67%         3    ####...
 Regeneration             Chrm/Necr      #.........   67%         3    ####...
 Spectral Weapon          Hex/Chrm       #.......     67%         3    ####...
 Airstrike                Air            #.........   80%         4    #####..
 Cause Fear               Hex            #.........   97%         4    #####..
 Leda's Liquefaction      Hex/Erth       #.........   97%         4    #####..
 Lightning Bolt           Conj/Air       #.........   99%         5    ######.
 Silence                  Hex/Air        #.........   99%         5    ######.
 Bolt of Magma            Conj/Fire/Erth #.........   100%        5    ######.
 Lee's Rapid Deconstruct  Erth           #.........   100%        5    ######.
 Yara's Violent Unravell  Hex/Tmut       #.........   100%        5    ######.
 Bolt of Fire             Conj/Fire      #.........   100%        6    #######
 Deflect Missiles         Chrm/Air       #.........   100%        6    #######
 Discord                  Hex            #.........   100%        8    #######


Dungeon Overview and Level Annotations

Branches:
Dungeon (11/15)            Temple (1/1) D:4            Lair (1/6) D:11
    Orc: D:9-12

Altars:
Ashenzari
Cheibriados
Dithmenos
Elyvilon
Fedhas
Gozag
Hepliaklqana
Kikubaaqudgha
Makhleb
Nemelex Xobeh
Okawaru
Qazlal
Ru
Sif Muna
Trog
Uskayaw
Vehumet
Wu Jian
Xom
Yredelemnul
Zin
The Shining One

Shops:
D:10 :

Annotations:
D:5 2 transporters, TheNamelessOne's ghost, novice OpIE


Innate Abilities, Weirdness & Mutations

You are too large for most types of armour.
You have claws for hands.
Your metabolism is lightning-fast.
You like to eat raw meat.
Your natural rate of healing is unusually fast.
You are covered in fur. (AC +1)
You have extremely tough skin. (AC +3)


Message History

The wolf barely misses you.
Unknown command.
The wolf bites something. x2
Unknown command.
Unknown command.
You miss the wolf. The wolf bites you.
* * * LOW HITPOINT WARNING * * *
You mangle the wolf!! The wolf completely misses you.
The wolf barely misses you. The wolf bites you but does no damage.
The wolf bites you.
* * * LOW HITPOINT WARNING * * *
You miss the wolf. The wolf closely misses you. The wolf barely misses you.
The wolf closely misses you.
Unknown command.
You mangle the wolf!!
You kill the wolf!
The wolf bites you.
* * * LOW HITPOINT WARNING * * *
You closely miss the wolf. The wolf bites you but does no damage.
The wolf barely misses you. The wolf closely misses you.
Unknown command.
You claw the wolf!
You kill the wolf!
The wolf barely misses you.
The wolf bites you but does no damage. x2
Unknown command.
You closely miss the wolf. The wolf bites you but does no damage.
The wolf closely misses you. The wolf bites you.
* * * LOW HITPOINT WARNING * * *
The wolf bites you but does no damage. x2
You closely miss the wolf. The wolf closely misses you.
The wolf bites you but does no damage. The wolf bites you!
* * * LOW HITPOINT WARNING * * *
You miss the wolf. You claw the wolf! The wolf misses you. The wolf bites you!
* * * LOW HITPOINT WARNING * * *
The wolf barely misses you.
You closely miss the wolf. The wolf closely misses you.
The wolf bites you but does no damage. The wolf misses you.
The wolf barely misses you.
Unknown command.
You scratch the wolf. The wolf bites you but does no damage.
The wolf barely misses you. The wolf closely misses you.
The wolf bites you but does no damage.
Unknown command.
You closely miss the wolf. The wolf bites you!
* * * LOW HITPOINT WARNING * * *
The wolf bites you!
* * * LOW HITPOINT WARNING * * *
The wolf closely misses you. The wolf barely misses you.
You claw the wolf! The wolf bites you!
You die...

.....................>..#........
.#########.###..........#......
.# ### #P...#.#...#...... .#
##..#####..# .# #..# .# #..# .#
#..# .# #..# .# ##h@# # . .#
#.hh##P#.... .# ##.†..h..... .#
#†.......S. ... #$......... #...
.....#P####. ..... .###..###
..8.. #. ..## # ..#


You could see 3 wolves.

Vanquished Creatures
  A hydra (D:11)
  3 two-headed ogres (D:9)
  An unseen horror (D:11)
  A deep elf mage (D:11)
  2 cyclopes (D:11)
  2 trolls
  A hippogriff (D:8)
  A hornet (D:11)
  A wraith (D:11)
  10 yaks
  Eustachio (D:5)
  A steam dragon (D:11)
  3 wargs (D:11)
  A floating eye (D:11)
  A porcupine (Lair:1)
  3 orc warriors
  A sky beast (D:10)
  2 ice beasts
  An eye of draining (D:11)
  A black bear (D:3)
  A necrophage (D:11)
  3 ogres
  3 wolves (Lair:1)
  2 centaurs
  A crocodile (D:11)
  3 big kobolds
  8 bullfrogs
  4 scorpions
  6 killer bees
  2 howler monkeys
  8 wights
  3 crimson imps
  6 hounds
  Crazy Yiuf (D:3)
  2 bullfrog zombies
  2 orc priests
  2 centaur skeletons
  A centaur zombie (D:11)
  6 jellies
  A bullfrog skeleton (D:11)
  Jessica (D:3)
  9 worker ants
  10 orc wizards
  A big kobold zombie (Ossuary)
  2 hound skeletons
  8 mummies (Ossuary)
  A worker ant zombie (D:11)
  Robin (D:2)
  A river rat (Sewer)
  13 adders
  11 gnolls
  2 shadow imps
  An adder zombie (D:5)
  6 oozes
  An adder skeleton (D:5)
  6 leopard geckos
  20 orcs
  8 giant cockroaches
  13 goblins
  8 hobgoblins
  5 jackals
  18 kobolds
  5 quokkas
  4 ball pythons
  5 bats
  8 frilled lizards
  A gnoll zombie (Ossuary)
  A hobgoblin zombie (Ossuary)
  4 kobold zombies (Ossuary)
  An orc zombie (Ossuary)
  A quokka skeleton (D:5)
  16 rats
295 creatures vanquished.

Vanquished Creatures (others)
  2 plants (Lair:1)
2 creatures vanquished.

Grand Total: 297 creatures vanquished

Notes
Turn   | Place    | Note
-------+----------+-------------------------------------------
     0 | D:1      | LostNumber the Troll Air Elementalist began the quest for
                  | the Orb.
     0 | D:1      | Reached XP level 1. HP: 16/16 MP: 1/1
    25 | D:1      | Reached skill level 1 in Unarmed Combat
   101 | D:1      | Reached XP level 2. HP: 26/26 MP: 2/2
   679 | D:2      | Reached skill level 1 in Fighting
   803 | D:2      | Reached skill level 2 in Unarmed Combat
   990 | D:1      | Reached XP level 3. HP: 28/33 MP: 3/3
  1162 | D:2      | Reached XP level 4. HP: 39/41 MP: 4/4
  1210 | D:2      | Noticed Robin
  1214 | D:2      | Reached skill level 3 in Unarmed Combat
  1307 | D:2      | Killed Robin
  1647 | D:3      | Noticed Jessica
  1650 | D:3      | Killed Jessica
  1662 | D:3      | Reached XP level 5. HP: 48/49 MP: 5/5
  1687 | D:3      | Reached skill level 4 in Unarmed Combat
  1753 | D:3      | Noticed a black bear
  1941 | D:3      | Found a runed translucent door.
  2017 | D:3      | Found a glowing drain.
  2032 | Sewer    | Entered a sewer
  2485 | D:3      | Noticed Crazy Yiuf
  2573 | D:3      | Killed a black bear
  2573 | D:3      | Reached skill level 5 in Unarmed Combat
  2573 | D:3      | Reached XP level 6. HP: 49/59 MP: 6/6
  3042 | D:4      | Found a staircase to the Ecumenical Temple.
  3118 | Temple   | Entered the Ecumenical Temple
  3316 | D:5      | Entered Level 5 of the Dungeon
  3399 | D:5      | Reached skill level 6 in Unarmed Combat
  3399 | D:5      | Reached XP level 7. HP: 44/67 MP: 7/7
  3414 | D:5      | Identified the Volume of Fiery Earth
  3416 | D:5      | Noticed Eustachio
  3447 | D:5      | Killed Eustachio
  3544 | D:5      | Reached skill level 7 in Unarmed Combat
  3888 | D:5      | Found a transporter.
  3888 | D:5      | Noticed TheNamelessOne's ghost (novice OpIE)
  3895 | D:5      | Found a transporter.
  4045 | D:5      | Reached XP level 8. HP: 67/78 MP: 8/8
  4508 | D:7      | Reached skill level 8 in Unarmed Combat
  5093 | D:8      | Found an opulent altar of Gozag.
  5104 | D:8      | Found a sand-covered staircase.
  5111 | Ossuary  | Entered an ossuary
  5127 | Ossuary  | Reached skill level 5 in Fighting
  5181 | Ossuary  | Reached skill level 9 in Unarmed Combat
  5403 | D:8      | Noticed a hippogriff
  5425 | D:8      | Killed a hippogriff
  5425 | D:8      | Reached XP level 9. HP: 33/88 MP: 9/9
  5621 | D:8      | Reached skill level 10 in Unarmed Combat
  6324 | D:9      | Noticed a two-headed ogre
  6334 | D:9      | Killed a two-headed ogre
  6334 | D:9      | Reached skill level 11 in Unarmed Combat
  6522 | D:9      | Noticed a two-headed ogre
  6532 | D:9      | Killed a two-headed ogre
  6532 | D:9      | Reached XP level 10. HP: 48/100 MP: 10/10
  7435 | D:3      | Killed Crazy Yiuf
  7606 | D:10     | Entered Level 10 of the Dungeon
  7606 | D:10     | Noticed a two-headed ogre
  7620 | D:9      | Killed a two-headed ogre
  7725 | D:9      | Reached skill level 12 in Unarmed Combat
  7797 | D:9      | Noticed a seven-headed hydra
  7797 | D:9      | Noticed a centaur warrior
  7797 | D:9      | Noticed a frost giant
  8081 | D:10     | Found Sipen's Book Boutique.
  8695 | D:11     | Reached skill level 1 in Evocations
  8801 | D:11     | Killed an unseen horror
  8917 | D:11     | Noticed a seven-headed hydra
  8924 | D:11     | Killed a seven-headed hydra
  8924 | D:11     | Reached XP level 11. HP: 93/110 MP: 11/11
  9135 | D:11     | Reached skill level 5 in Dodging
  9321 | D:11     | Noticed a deep elf mage
  9335 | D:11     | Reached skill level 13 in Unarmed Combat
  9343 | D:11     | Killed a deep elf mage
  9361 | D:11     | Reached skill level 1 in Throwing
  9380 | D:11     | Noticed Sonja
  9558 | D:11     | Noticed Sonja
  9558 | D:11     | Sonja changed into Sonja the ogre
  9563 | D:11     | Killed Sonja the ogre
  9590 | D:11     | Found a staircase to the Lair.
  9969 | Lair:1   | Entered Level 1 of the Lair of Beasts
 10308 | Lair:1   | Slain by a wolf

Skill      XL: |  1  2  3  4  5  6  7  8  9 10 11 |
---------------+----------------------------------+-----
Unarmed Combat | 1 2 3 5 6 7 9 11 12 13 | 13.3
Fighting       | 1 2 3 4 5 6 7 8 |  8.1
Dodging        | 3 4 5 |  5.5
Evocations     | 2 3 |  3.0
Throwing       | 1 |  1.9
Stealth        | |  1.0
Spellcasting   | |  1.2
Conjurations   | |  0.6
Air Magic      | |  2.0

Action                   |  1- 3 |  4- 6 |  7- 9 | 10-12 || total
-------------------------+-------+-------+-------+-------++-------
Melee: Unarmed           |   109 |   218 |   301 |   329 ||   957
       Punch             |       |     2 |    12 |    22 ||    36
       Morningstar       |       |       |       |     1 ||     1
Evoke: Wand              |       |       |     2 |     3 ||     5
  Use: Scroll            |     1 |     1 |    10 |     9 ||    21
       Potion            |       |       |       |     1 ||     1
 Stab: Sleeping          |     1 |     4 |     3 |       ||     8
  Eat: Chunk             |    16 |    21 |    29 |    34 ||   100
Armor: Robe              |    53 |    79 |    71 |     2 ||   205
       Troll leather arm |       |       |       |    43 ||    43
       Skin              |       |       |       |    21 ||    21
       Steam dragon scal |       |       |       |    81 ||    81
Dodge: Dodged            |    67 |   110 |   108 |   204 ||   489
